Map: Prüfung von Aiur LE

Players

Zillah

  • Race: Zerg Zerg
  • Spawn Location: 5:00

Panda - Winner!

  • Race: Zerg Zerg
  • League: Diamond
  • Spawn Location: 11:00

VOD

Have the link to the VOD?

Description

Time

  • Played on: Sept. 8, 2017, 3:04 p.m.
  • Length: 4:23
Show
View Real Time Build Order
Export as new Build Order

Zillah Zerg 

Build Orders: Pool First 

Get SALT Encoding   

  12  0:01  Drone  
  13  0:13  Overlord  
  13  0:17  Drone  
  14  0:31  Drone x2  
  16  0:36  Drone  
  17  0:46  Extractor, Drone  
  17  0:52  Spawning Pool  
  16  1:01  Drone  
  17  1:18  Hatchery  
  16  1:21  Drone  
  16  1:23  Drone  
  18  1:29  Drone  
  19  1:39  Queen  
  21  1:46  Zergling x2  
  22  1:49  Metabolic Boost  
  22  1:56  Overlord  
  22  2:14  Overlord  
  22  2:18  Zergling x2  
  22  2:22  Zergling x2  
  23  2:25  Baneling Nest  
  22  2:33  Spine Crawler, Zergling x2  
  22  2:39  Zergling x2  
  23  2:46  Queen  
  24  2:55  Baneling Nest  
  22  3:00  Zergling x2  
  13  3:19  Drone  
  14  3:28  Drone  
  14  3:29  Drone  
  16  3:35  Drone  
  16  3:40  Drone  
  17  3:48  Drone x2  
  19  4:01  Drone  
  19  4:02  Drone x2  
Show
View Real Time Build Order
Export as new Build Order

Panda Zerg - Winner!

Build Orders: Pool Only 

Get SALT Encoding   

  12  0:01  Drone  
  13  0:15  Extractor  
  12  0:24  Spawning Pool  
  12  0:28  Drone  
  12  0:34  Drone  
  13  0:44  Overlord  
  13  0:50  Drone  
  14  1:12  Zergling x6  
  14  1:17  Metabolic Boost  
  17  1:29  Queen  
  19  1:34  Zergling x2  
  19  1:38  Zergling x2  
  21  1:49  Baneling Nest  
  21  1:53  Zergling x2  
  21  2:02  Zergling x2  
  22  2:23  Overlord  
  22  2:39  Baneling x4  
  22  2:43  Zergling x6  
  20  3:09  Zergling x4  
  20  3:13  Baneling  
  20  3:30  Baneling  
  20  3:31  Zergling x8, Baneling  
  24  3:39  Zergling x2  
  22  4:05  Zergling x6  
  22  4:06  Zergling x2  
Tags
 
League
Diamond
Matchup
ZvZ
Race
Zerg
Replay Pack
replays1
Spawn Locations
Cross Positions
Add a new tag
Caveats
  • Supply blocks, unpowered buildings, or Contaminate may cause inaccurate times.
  • Supply counts are checked every 10 seconds.